 Dungeon Crawl Stone Soup version 0.31-a0-965-g8a8ce12e04 (webtiles) character file.

Game seed: 3873508823750462871

602 tsujin the Magician (level 7, -1/49 HPs)
             Began as a Djinni Conjurer on Oct 26, 2023.
             Was an Initiate of Ashenzari.
             Slain by a gnoll sergeant
             ... wielding a +0 spear
              (5 damage)
             ... on level 5 of the Dungeon.
             The game lasted 00:13:39 (4610 turns).

tsujin the Magician (Djinni Conjurer)               Turns: 4610, Time: 00:13:39

Health: -1/49      AC:  7    Str:  6    XL:     7   Next: 69%
Gold:   266        EV: 12    Int: 21    God:    Ashenzari [......] SH:  4 Dex: 12

rFire   + + .        (no weapon)
rCold   x . .        n - +0 buckler
rNeg    . . .        a - +1 robe
rPois   ∞            (no helmet)
rElec   .            (no cloak)
rCorr   .            (no gloves)
SInv    .            (boots unavailable)
Will    .....        (no amulet)
Stlth   ++           c - +4 ring of protection
HPRegen 0.28/turn    (no ring)
MPRegen 0.00/turn

%: infuse magic (-2 HP)
@: about to teleport, flying
A: sickness immunity, fire resistance 2, cold vulnerability 1, float, innate
caster, HP casting, extra vitality 1
a: Renounce Religion, Curse Item


You were on level 5 of the Dungeon.
You worshipped Ashenzari.
Ashenzari was noncommittal.
You visited 2 branches of the dungeon, and saw 6 of its levels.
You also visited: Sewer.

You collected 266 gold pieces.

Inventory:

Armour
 a - a +1 robe (worn)
 n - a +0 buckler (worn)
Jewellery
 c - a +4 ring of protection (left hand)
Talismans
 i - a maw talisman
Wands
 m - a wand of flame (53)
 p - a wand of paralysis (11)
Scrolls
 h - a scroll of fear
 j - a scroll of poison
 k - 4 scrolls of identify
 l - 3 scrolls of enchant armour
 q - a scroll of immolation {unknown}
 r - a scroll of silence {unknown}
Potions
 b - a potion of brilliance
 d - a potion of cancellation
 e - a potion of berserk rage
 f - a potion of lignification {unknown}
 g - 4 potions of enlightenment


   Skills:
 + Level 2.8 Fighting
 + Level 4.0 Dodging
 + Level 3.2 Stealth
 * Level 0.8 Shields
 * Level 5.2 Spellcasting
 * Level 5.2 Conjurations
 * Level 5.2 Hexes
   Level 0.0 Charms
 * Level 5.2 Summonings
 * Level 5.2 Necromancy
 * Level 5.2 Translocations
 * Level 5.2 Transmutations
 * Level 5.2 Fire Magic
 * Level 5.2 Ice Magic
 * Level 5.2 Air Magic
 * Level 5.2 Earth Magic
 * Level 5.2 Poison Magic


You knew the following spells:

 Your Spells              Type           Power      Damage    Failure   Level
a - Magic Dart            Conj           100%       1d8       2%          1
b - Searing Ray           Conj           54%        2d6       3%          2
c - Dazzling Flash        Conj/Hex       54%        N/A       6%          3
d - Fulminant Prism       Conj/Hex       13%        3d9       22%         4
e - Iskenderun's Mystic   Conj/Tloc      27%        2d7       22%         4
f - Freeze                Ice            100%       1d10      2%          1
g - Passwall              Tmut/Erth      22%        N/A       3%          2
h - Wereblood             Tmut           27%        N/A       3%          2
Your spell library was empty.

Dungeon Overview and Level Annotations

Branches:
Dungeon (5/15)             Temple (1/1) D:4           Sewer (visited)

Altars:
Ashenzari
Cheibriados
Dithmenos
Elyvilon
Fedhas
Gozag
Hepliaklqana
Makhleb
Nemelex Xobeh
Okawaru
Qazlal
Ru
Trog
Wu Jian
Yredelemnul
Zin
The Shining One

Shops:
D:1 !   D:2 :   D:3 (

Annotations:
Temple 2 transporters


Innate Abilities, Weirdness & Mutations

You are immune to sickness and miasma.
You are immune to poison.
Your flesh is very heat resistant. (rF++)
You are vulnerable to cold. (rC-)
You float through the air rather than walking.
You learn spells naturally, not from books.
Your magical power is your life essence.
You have superior vitality. (+4 MHP)


Message History

Casting: Magic Dart (safe; 2% risk of failure)
Confirm with . or Enter, or press ? or * to list all spells.
Aiming: Magic Dart (safe; 2% risk of failure)
Press: ? - help, Shift-Dir - straight line, f/p - gnoll
Aim: a gnoll, wielding a +0 flail (100% to hit)
The magic dart hits the gnoll.
The gnoll is moderately wounded.
Casting: Magic Dart (safe; 2% risk of failure)
Confirm with . or Enter, or press ? or * to list all spells.
Aiming: Magic Dart (safe; 2% risk of failure)
Press: ? - help, Shift-Dir - straight line, f/p - gnoll
Aim: a gnoll, wielding a +0 flail (moderately wounded, 100% to hit)
The magic dart hits the gnoll.
The gnoll is severely wounded.
The gnoll hits you with a +0 flail. The gnoll attacks as it pursues you!
The gnoll closely misses you.
The gnoll sergeant attacks as it pursues you!
The gnoll sergeant hits you from afar with a +0 spear!
The gnoll sergeant attacks as it pursues you!
The gnoll sergeant closely misses you.
The gnoll sergeant attacks as it pursues you!
The gnoll sergeant hits you but does no damage.
The gnoll attacks as it pursues you! The gnoll hits you with a +0 flail.
The gnoll sergeant attacks as it pursues you!
The gnoll sergeant hits you from afar with a +0 spear.
The gnoll attacks as it pursues you! The gnoll barely misses you.
The gnoll sergeant attacks as it pursues you!
The gnoll sergeant hits you from afar with a +0 spear.
As you read the scroll of teleportation, it crumbles to dust.
You feel strangely unstable.
The gnoll sergeant hits you from afar with a +0 spear.
The gnoll misses you.
The gnoll sergeant attacks as it pursues you!
The gnoll sergeant hits you from afar with a +0 spear.
* * * LOW HITPOINT WARNING * * *
The gnoll attacks as it pursues you! The gnoll hits you with a +0 flail.
* * * LOW HITPOINT WARNING * * *
The gnoll sergeant attacks as it pursues you!
The gnoll sergeant hits you from afar with a +0 spear.
You die...

#..>..'....'........#
#######....########.#
#....# #.# #....# #.#
###### #.#
###########.#
#...........##
#......g.....####.##.
#...@gg..g...'.).....
##########...##......
#...# ..... #...#
.... ##### ..# .# #


You could see a gnoll sergeant and 3 gnolls.

Vanquished Creatures
  Sigmund (D:2)
  2 hounds (D:4)
  An iguana (D:3)
  8 gnolls
  13 adders
  5 river rats (Sewer)
  5 worms
  2 dart slugs
  An orc (D:4)
  14 bats
  4 endoplasms
  4 giant cockroaches
  11 goblins
  8 hobgoblins
  3 jackals (Sewer)
  6 quokkas
  12 ball pythons
  7 frilled lizards
  7 kobolds
  2 rats
116 creatures vanquished.

Notes
Turn   | Place    | Note
-------+----------+-------------------------------------------
     0 | D:1      | tsujin the Djinni Conjurer began the quest for the Orb.
     0 | D:1      | tsujin set off with the following spells memorised: Magic
                  | Dart, Searing Ray, Dazzling Flash, Fulminant Prism,
                  | Iskenderun's Mystic Blast.
     0 | D:1      | Reached XP level 1. HP: 15/15 MP: 0/0
    58 | D:1      | Reached XP level 2. HP: 16/21 MP: 0/0
   337 | D:1      | Reached XP level 3. HP: 24/25 MP: 0/0
   337 | D:1      | Learned a level 1 spell: Freeze
   735 | D:1      | Found Awakkepu's Distillery.
   846 | D:1      | Found a faded altar of an unknown god.
   951 | D:2      | Noticed Sigmund
   959 | D:2      | Killed Sigmund
   960 | D:2      | Reached skill level 1 in Fighting
   960 | D:2      | Reached XP level 4. HP: 24/32 MP: 0/0
   960 | D:2      | Reached XP level 5. HP: 27/37 MP: 0/0
   960 | D:2      | Learned a level 2 spell: Passwall
  1046 | D:2      | Reached XP level 6. HP: 41/43 MP: 0/0
  1177 | D:2      | Found Fearghaur's Book Emporium.
  1845 | D:3      | Found a glowing drain.
  1894 | Sewer    | Entered a sewer
  2130 | Sewer    | Reached XP level 7. HP: 43/49 MP: 0/0
  2130 | Sewer    | Learned a level 2 spell: Wereblood
  2391 | Sewer    | Reached skill level 5 in Spellcasting
  2391 | Sewer    | Reached skill level 5 in Conjurations
  2391 | Sewer    | Reached skill level 5 in Hexes
  2391 | Sewer    | Reached skill level 5 in Summonings
  2391 | Sewer    | Reached skill level 5 in Necromancy
  2391 | Sewer    | Reached skill level 5 in Translocations
  2391 | Sewer    | Reached skill level 5 in Transmutations
  2391 | Sewer    | Reached skill level 5 in Fire Magic
  2391 | Sewer    | Reached skill level 5 in Ice Magic
  2391 | Sewer    | Reached skill level 5 in Air Magic
  2391 | Sewer    | Reached skill level 5 in Earth Magic
  2391 | Sewer    | Reached skill level 5 in Poison Magic
  2958 | D:3      | Found Vuxkeg's Antique Weapon Shoppe.
  3373 | D:4      | Found a staircase to the Ecumenical Temple.
  3403 | Temple   | Found a transporter.
  3403 | Temple   | Found a transporter.
  3403 | Temple   | Found a transporter.
  3403 | Temple   | Found a transporter.
  3403 | Temple   | Entered the Ecumenical Temple
  3420 | Temple   | Became a worshipper of Ashenzari the Shackled
  4204 | D:4      | Found a glowing golden altar of the Shining One.
  4493 | D:5      | Entered Level 5 of the Dungeon
  4610 | D:5      | Slain by a gnoll sergeant

Illustrated notes

Levels and vault maps discovered:
D:1:      lemuel_arrival_behind_the_door_large, layout_loops_corners,
          serial_shops, nicolae_shop_trees, shapermc_ecumenical_altar_pompeii
D:2:      layout_loops_cross, serial_shops, shop, nicolae_wormholes,
          uniq_sigmund
D:3:      layout_basic, serial_shops, nicolae_shop_just_a_little_nook,
          gup_sewer_entry_glass
D:4:      layout_layer_cave, lemuel_coloured_pillars_altar,
          minmay_temple_entry_ruins, nicolae_tricolors
D:5:      layout_basic
Temple:   hellmonk_temple_divided_pantheon

Skill      XL: |  1  2  3  4  5  6  7 |
---------------+----------------------+-----
Spellcasting   | 4 5 |  5.2
Conjurations   | 4 5 |  5.2
Hexes          | 4 5 |  5.2
Summonings     | 4 5 |  5.2
Necromancy     | 4 5 |  5.2
Translocations | 4 5 |  5.2
Transmutations | 4 5 |  5.2
Fire Magic     | 4 5 |  5.2
Ice Magic      | 4 5 |  5.2
Air Magic      | 4 5 |  5.2
Earth Magic    | 4 5 |  5.2
Poison Magic   | 4 5 |  5.2
Fighting       | 1 2 |  2.8
Dodging        | 3 4 |  4.0
Stealth        | 2 3 |  3.2
Shields        | |  0.8

Action                     |  1- 3 |  4- 6 |  7- 9 || total
---------------------------+-------+-------+-------++-------
   Cast: Magic Dart        |    48 |   103 |    86 ||   237
         Freeze            |     2 |     7 |    15 ||    24
         Searing Ray       |       |     2 |     1 ||     3
    Use: Scroll            |     1 |     2 |    10 ||    13
 Armour: Robe              |     1 |    20 |    27 ||    48
  Dodge: Dodged            |     4 |    19 |    20 ||    43

Table legend: (Time is in decaauts)
 A = Elapsed time spent in this place.
 B = Non-inter-level travel time spent in this place.
 C = Inter-level travel time spent in this place.
 D = Time resting spent in this place.
 E = Time spent auto-exploring this place.
 F = Levels seen in this place.
 G = Mean time per level.
                   A        B        C        D        E       F      G
               +--------+--------+--------+--------+--------+-----+--------+
         Total |   4609 |   4417 |    192 |    189 |   3468 |   7 |  658.4 |
       Dungeon |   3876 |   3711 |    165 |    122 |   2992 |   5 |  775.2 |
        Temple |     32 |      5 |     27 |      0 |      0 |   1 |   32.0 |
         Sewer |    700 |    700 |      0 |     67 |    476 |   1 |  700.0 |
               +--------+--------+--------+--------+--------+-----+--------+

Top non-repeatable levels by time:
     D:4: 1160 daAuts
     D:2: 1005 daAuts
     D:1: 946 daAuts
   Sewer: 700 daAuts
     D:3: 660 daAuts
     D:5: 103 daAuts
  Temple: 32 daAuts
